 Dungeon Crawl Stone Soup version 0.22.1-2-g9c5b331 (webtiles) character file.

259 colophon the Sneak (level 6, 0/35 HPs)
             Began as a Kobold Enchanter on Nov 24, 2018.
             Succumbed to a worker ant's poison
             ... on level 3 of the Dungeon.
             The game lasted 00:22:50 (4818 turns).

colophon the Sneak (Kobold Enchanter)               Turns: 4818, Time: 00:22:52

Health: 0/35       AC:  2    Str:  5    XL:     6   Next: 40%
Magic:  9/9        EV: 19    Int: 16    God:
Gold:   114        SH:  0    Dex: 16    Spells: 3/9 levels left

rFire    . . .     SeeInvis .   a - +1 dagger
rCold    . . .     Gourm    .   (shield restricted)
rNeg     . . .     Faith    .   b - +0 robe
rPois    .         Spirit   .   (no helmet)
rElec    .         Reflect  .   (no cloak)
rCorr    .         Harm     .   (no gloves)
MR       .....     Clarity  +   (no boots)
Stlth    +++.......             (no amulet)
HPRegen  0.11/turn              (no ring)
MPRegen  0.11/turn              (no ring)

@: lethally poisoned (0 -> -16)
A: small, repulsion field 1, carnivore, clarity, clumsy 1, wild magic 1
a: no special abilities


You were on level 3 of the Dungeon.
You were completely stuffed.

You visited 1 branch of the dungeon, and saw 4 of its levels.

You collected 114 gold pieces.

Inventory:

Hand Weapons
 a - a +1 dagger (weapon)
Missiles
 o - 14 bolts
Armour
 b - a +0 robe (worn)
Jewellery
 i - a +4 ring of strength {unknown}
 p - an uncursed ring of magical power {unknown}
 r - a +3 ring of strength {unknown}
Scrolls
 e - a scroll of fog {unknown}
 f - 2 scrolls of identify
 j - 2 scrolls of remove curse {unknown}
 l - 2 scrolls of enchant weapon {unknown}
 q - a scroll of teleportation {unknown}
 u - a scroll of amnesia {unknown}
 v - a scroll of random uselessness {unknown}
Potions
 c - a potion of cancellation
 m - a potion of flight {unknown}
 n - a potion of lignification {unknown}
 s - a potion of curing {unknown}
 t - a potion of berserk rage {unknown}
Comestibles
 d - 9 rations


   Skills:
 + Level 2.0 Fighting
 + Level 3.5 Short Blades
 + Level 4.0 Dodging
 + Level 5.5 Stealth
 - Level 2.1 Spellcasting
 + Level 4.0 Hexes
 - Level 1.1 Ice Magic


You had 3 spell levels left.
You knew the following spells:

 Your Spells              Type           Power        Failure   Level  Hunger
a - Corona                Hex            ###....      6%          1    #......
b - Ensorcelled Hibernat  Hex/Ice        ##....       16%         2    ###....
c - Confuse               Hex            ###.....     17%         3    ###....

Your spell library contained the following spells:

 Spells                   Type           Power        Failure   Level  Hunger
 Tukima's Dance           Hex            ###.....     17%         3    ###....
 Dazzling Spray           Conj/Hex       ##....       34%         3    ###....


Dungeon Overview and Level Annotations

Branches:
Dungeon (4/15)
 Temple: D:4-7

Altars:

Annotations:
D:4 Robin


Innate Abilities, Weirdness & Mutations

You are small and have problems with some larger weapons.
You are carnivorous and can eat meat at any time.
You are surrounded by a mild repulsion field. (EV +2)
You possess an exceptional clarity of mind.
You are clumsy. (Dex -2)
Your spells are a little harder to cast, but a little more powerful.


Message History

You feel sick. The worker ant bites you.
* * * LOW HITPOINT WARNING * * *
You hit the worker ant but do no damage.
The worker ant is lightly wounded.
* * * LOW HITPOINT WARNING * * *
You feel sick. The worker ant closely misses you.
You hit the worker ant.
The worker ant is moderately wounded.
* * * LOW HITPOINT WARNING * * *
You feel sick. The worker ant bites you.
* * * LOW HITPOINT WARNING * * *
You are more poisoned.
The worker ant poisons you!
It was a potion of magic.
Magic courses through your body.
* * * LOW HITPOINT WARNING * * *
You feel sick. The worker ant misses you.
It was a potion of mutation.
You feel extremely strange.
You feel less in control of your magic.
You feel clumsy.
Your thoughts seem clearer.
You begin to radiate repulsive energy.
You die...

##### ###### #...#
.....######.#.####
...............)@#
.....#.##.#####a##
..#.......## #[#
###.###....####.#######
#...+..g.#..........#
#######....#..........#
...........#..........#
...........#..........#
...........#..........######


You could see a worker ant.

Vanquished Creatures
  A scorpion (D:3)
  2 orc wizards (D:3)
  Terence (D:2)
  2 adders (D:3)
  4 worms
  2 dart slugs
  3 leopard geckos
  7 orcs
  A ball python (D:2)
  8 bats
  6 giant cockroaches
  14 goblins
  5 hobgoblins
  6 jackals
  9 kobolds
  4 frilled lizards
  11 rats
86 creatures vanquished.

Notes
Turn   | Place    | Note
-------+----------+-------------------------------------------
     0 | D:1      | colophon the Kobold Enchanter began the quest for the Orb.
     0 | D:1      | Reached XP level 1. HP: 10/10 MP: 3/3
   189 | D:1      | Reached XP level 2. HP: 14/16 MP: 3/5
   579 | D:1      | Learned a level 2 spell: Ensorcelled Hibernation
   713 | D:1      | Reached skill level 1 in Fighting
   713 | D:1      | Reached XP level 3. HP: 17/20 MP: 0/6
  2387 | D:2      | Reached XP level 4. HP: 23/25 MP: 4/7
  2395 | D:2      | Learned a level 3 spell: Confuse
  2711 | D:2      | Noticed Terence
  2717 | D:2      | Killed Terence
  2717 | D:2      | Reached skill level 1 in Ice Magic
  3179 | D:2      | Reached XP level 5. HP: 29/29 MP: 1/8
  3526 | D:3      | Reached skill level 5 in Stealth
  4103 | D:3      | Reached XP level 6. HP: 35/35 MP: 4/9
  4800 | D:4      | Noticed Robin
  4817 | D:3      | HP: 1/35 [poisoned by a worker ant]
  4818 | D:3      | Gained mutation: Your spells are a little harder to cast,
                  | but a little more powerful. [potion of mutation]
  4818 | D:3      | Gained mutation: You are clumsy. (Dex -2) [potion of
                  | mutation]
  4818 | D:3      | Gained mutation: You possess an exceptional clarity of
                  | mind. [potion of mutation]
  4818 | D:3      | Gained mutation: You are surrounded by a mild repulsion
                  | field. (EV +2) [potion of mutation]
  4818 | D:3      | Succumbed to a worker ant's poison

Skill      XL: |  1  2  3  4  5  6 |
---------------+-------------------+-----
Short Blades   | 2 3 |  3.5
Fighting       | 1 2 |  2.0
Dodging        | 3 4 |  4.0
Ice Magic      | 1 |  1.1
Stealth        | 5 |  5.5
Hexes          | 4 |  4.0
Spellcasting   | |  2.1

Action                   |  1- 3 |  4- 6 || total
-------------------------+-------+-------++-------
Melee: Dagger            |   133 |   110 ||   243
 Cast: Corona            |    11 |       ||    11
       Ensorcelled Hiber |    22 |    63 ||    85
  Use: Scroll            |       |     1 ||     1
       Potion            |       |     2 ||     2
 Stab: Sleeping          |    12 |    38 ||    50
  Eat: Chunk             |    15 |    12 ||    27
Armor: Robe              |    26 |    17 ||    43
Dodge: Dodged            |   146 |    89 ||   235
